 Dungeon Crawl Stone Soup version 0.28.0-45-g0d030f2227 (webtiles) character file.

Game seed: 8138484236180512191

571 101zpm the Magician (level 7, -5/47 HPs)
             Began as a Djinni Ice Elementalist on Apr 16, 2022.
             Slain by an ogre
             ... wielding a +0 giant club
              (18 damage)
             ... on level 5 of the Dungeon.
             The game lasted 00:18:37 (8054 turns).

101zpm the Magician (Djinni Ice Elementalist)       Turns: 8054, Time: 00:18:38

Health: -5/47      AC:  9    Str:  7    XL:     7   Next: 60%
Gold:   214        EV: 13    Int: 18    God:
                   SH:  0    Dex: 14

rFire   + + .      SeeInvis .     - Unarmed
rCold   x . .      Faith    .   (no shield)
rNeg    . . .      Spirit   .   a - +0 robe
rPois   ∞          Reflect  .   (no helmet)
rElec   .          Harm     .   (no cloak)
rCorr   .          Rampage  .   (no gloves)
Will    .....                   (boots unavailable)
Stlth   ++........              (no amulet)
HPRegen 0.15/turn               (no ring)
MPRegen 0.00/turn               (no ring)

@: ice-armoured, flying
A: sickness immunity, fire resistance 2, cold vulnerability 1, float, innate
caster, HP casting, extra vitality 1
a: no special abilities


You were on level 5 of the Dungeon.
You visited 1 branch of the dungeon, and saw 5 of its levels.

You collected 214 gold pieces.

Inventory:

Missiles
 h - 5 javelins
 i - 170 stones
 o - 26 sling bullets
Armour
 a - a +0 robe (worn)
Jewellery
 b - a +4 ring of protection
 k - a ring of protection from fire
 u - a +4 ring of evasion
Wands
 n - a wand of mindburst (21)
Scrolls
 e - 3 scrolls of vulnerability {unknown}
 f - 10 scrolls of identify {unknown}
 g - 4 scrolls of teleportation {unknown}
 j - 2 scrolls of fear {unknown}
 l - a scroll of enchant weapon {unknown}
 m - 2 scrolls of immolation {unknown}
 s - a scroll of torment {unknown}
 v - 3 scrolls of blinking {unknown}
 w - a scroll of noise {unknown}
Potions
 c - a potion of invisibility {unknown}
 d - a potion of heal wounds {unknown}
 p - a potion of lignification {unknown}
 q - a potion of haste {unknown}
 r - 2 potions of might {unknown}
 t - a potion of degeneration {unknown}
 x - a potion of curing {unknown}


   Skills:
 + Level 1.0 Fighting
 + Level 3.2 Dodging
 + Level 2.1 Stealth
 + Level 1.3 Unarmed Combat
 + Level 6.1 Spellcasting


You had one spell level left.
You knew the following spells:

 Your Spells              Type           Power      Damage    Failure   Level
a - Freeze                Ice            100%       1d11      1%          1
b - Frozen Ramparts       Ice            54%        1d7       2%          3
c - Ozocubu's Armour      Ice            27%        N/A       2%          3
d - Hailstorm             Conj/Ice       27%        3d7       10%         4
e - Pain                  Necr           100%       1d9       1%          1
f - Corpse Rot            Necr/Air       54%        N/A       1%          2
g - Inner Flame           Hex/Fire       27%        N/A       2%          3
Your spell library was empty.

Dungeon Overview and Level Annotations

Branches:
Dungeon (5/15)             Temple (0/1) D:4

Altars:
Makhleb
The Shining One

Shops:
D:1 (   D:4 =

Annotations:
D:4 1 runed translucent door, Elsvaer's ghost, amateur DEEE


Innate Abilities, Weirdness & Mutations

You are immune to sickness and miasma.
You are immune to poison.
Your flesh is very heat resistant. (rF++)
You are vulnerable to cold. (rC-)
You float through the air rather than walking.
You learn spells naturally, not from books.
Your magical power is your life essence.
You have superior vitality. (+4 MHP)


Message History

You start resting.
An ogre comes into view. It is wielding a +0 giant club.
Casting: Hailstorm (quite dangerous; 10% risk of failure)
Confirm with . or Enter, or press ? or * to list all spells.
Casting: Frozen Ramparts (dangerous; 2% risk of failure)
Press: ? - help, Dir - look around, f - activate The walls around you are covered in ice.
An orc comes into view. It is wielding a +0 falchion.
Casting: Frozen Ramparts (dangerous; 2% risk of failure)
Confirm with . or Enter, or press ? or * to list all spells.
Aiming: Pain (safe; 1% risk of failure)
Press: ? - help, Shift-Dir - straight line, f - ogre
Aim: an ogre, wielding a +0 giant club (chance to affect: 83%)
The ogre writhes in agony.
Unknown command.
Casting: Pain (safe; 1% risk of failure)
Confirm with . or Enter, or press ? or * to list all spells.
Aiming: Pain (safe; 1% risk of failure)
Press: ? - help, Shift-Dir - straight line, f/p - ogre
Aim: an ogre, wielding a +0 giant club (lightly wounded, chance to affect: 83%)
The ogre writhes in agony.
Casting: Pain (safe; 1% risk of failure)
Confirm with . or Enter, or press ? or * to list all spells.
Aiming: Pain (safe; 1% risk of failure)
Press: ? - help, Shift-Dir - straight line, f/p - ogre
Aim: an ogre, wielding a +0 giant club (moderately wounded, chance to affect: 83%)
The ogre writhes in agony.
Casting: Pain (safe; 1% risk of failure)
Confirm with . or Enter, or press ? or * to list all spells.
Aiming: Pain (safe; 1% risk of failure)
Press: ? - help, Shift-Dir - straight line, f/p - ogre
Aim: an ogre, wielding a +0 giant club (heavily wounded, chance to affect: 83%)
The ogre writhes in agony.
The wall freezes the ogre.
Casting: Pain (safe; 1% risk of failure)
Confirm with . or Enter, or press ? or * to list all spells.
A film of ice covers your body!
* * * LOW HITPOINT WARNING * * *
The frozen ramparts melt away.
The ogre hits you with a +0 giant club!!
You die...

##. .####.. #... ..#..
#.. #... ##...###.####
#...
##.#.#.##....###...
#.......#....#.....
###.#.###....).#...
##.......##.....#...
#?#O#.#.#.#......... #
#)^@......#.........
#.#####o#####.....#...
#.................#...
#.................##..
......................
.##...[.#.........####
######...#.#.#...###
#...........##.
#...#.#.#......


You could see an ogre and an orc.

Vanquished Creatures
  An ogre (D:3)
  A scorpion (D:4)
  A centaur zombie (D:5)
  2 bullfrog skeletons
  A hound (D:4)
  2 scorpion zombies (D:4)
  Ijyb (D:2)
  2 orc wizards (D:3)
  A hound zombie (D:4)
  A hound skeleton (D:4)
  A mummy (D:4)
  A howler monkey zombie (D:5)
  A howler monkey skeleton (D:5)
  2 adders
  An adder skeleton (D:4)
  A worm (D:4)
  2 dart slugs
  8 orcs
  5 ball pythons
  10 endoplasms
  13 goblins
  3 hobgoblins
  6 jackals
  7 kobolds
  4 quokkas
  10 bats
  4 frilled lizards
  A hobgoblin zombie (D:4)
  3 orc zombies (D:4)
  A quokka skeleton (D:4)
  4 rats
101 creatures vanquished.

Vanquished Creatures (others)
  6 plants (D:4)
  3 withered plants (D:4)
9 creatures vanquished.

Grand Total: 110 creatures vanquished

Notes
Turn   | Place    | Note
-------+----------+-------------------------------------------
     0 | D:1      | 101zpm the Djinni Ice Elementalist began the quest for the
                  | Orb.
     0 | D:1      | Reached XP level 1. HP: 15/15 MP: 0/0
    86 | D:1      | Reached XP level 2. HP: 7/21 MP: 0/0
   300 | D:1      | Found a faded altar of an unknown god.
   564 | D:1      | Found Woeghaagon's Weapon Shop.
   573 | D:1      | Reached XP level 3. HP: 19/25 MP: 0/0
   573 | D:1      | Learned a level 1 spell: Pain
  1138 | D:1      | Reached skill level 4 in Spellcasting
  1848 | D:2      | Reached XP level 4. HP: 30/31 MP: 0/0
  2195 | D:2      | Noticed Ijyb
  2207 | D:2      | Killed Ijyb
  2208 | D:2      | Reached XP level 5. HP: 4/36 MP: 0/0
  2208 | D:2      | Learned a level 2 spell: Corpse Rot
  3005 | D:3      | Noticed an ogre
  3010 | D:3      | Killed an ogre
  3011 | D:3      | Reached skill level 5 in Spellcasting
  3011 | D:3      | Reached XP level 6. HP: 30/41 MP: 0/0
  5127 | D:5      | Entered Level 5 of the Dungeon
  5157 | D:5      | Reached XP level 7. HP: 16/46 MP: 0/0
  5157 | D:5      | Learned a level 3 spell: Inner Flame
  5372 | D:4      | Found a runed translucent door.
  5376 | D:4      | Noticed Elsvaer's ghost (amateur DEEE)
  5400 | D:4      | Reached skill level 1 in Unarmed Combat
  5499 | D:4      | Found Neabloufab's Jewellery Shoppe.
  5825 | D:4      | Found a staircase to the Ecumenical Temple.
  6393 | D:4      | Found a glowing golden altar of the Shining One.
  6582 | D:4      | Found a burning altar of Makhleb.
  7412 | D:4      | Reached skill level 6 in Spellcasting
  8038 | D:5      | Reached skill level 1 in Fighting
  8054 | D:5      | Slain by an ogre

Illustrated notes

Levels and vault maps discovered:
D:1:      saegor_arrival_simple_b, layout_basic, serial_shops,
          nicolae_shop_bloodbath_and_beyond, basic_ecumenical_altar
D:2:      kennysheep_the_goblin_king, layout_rooms, minmay_stone_trees_small,
          kennysheep_cross_bottleneck
D:3:      layout_rooms, chequers_jeans, uniq_ijyb
D:4:      layout_loops_cross, mainiacjoe_overflow_surrounded_room,
          tso_metal_star, minmay_temple_entry_gardened_gates,
          hellmonk_ghost_happy_afterlife, serial_undead, serial_undead_f,
          serial_undead_d, serial_undead_f, serial_undead_a, serial_shops,
          nicolae_shop_waterfront, minmay_mini_ossuary
D:5:      minmay_spotlight, layout_rooms, serial_glass, glass_columns_c,
          glass_columns_b, chequers_serial_rivers_small_b,
          doesnt_shop_hydraphobe

Skill      XL: |  1  2  3  4  5  6  7 |
---------------+----------------------+-----
Spellcasting   | 4 5 6 |  6.1
Dodging        | 3 |  3.2
Stealth        | 2 |  2.1
Unarmed Combat | 1 |  1.3
Fighting       | 1 |  1.0

Action                   |  1- 3 |  4- 6 |  7- 9 || total
-------------------------+-------+-------+-------++-------
Melee: Unarmed           |     3 |    32 |    15 ||    50
 Cast: Freeze            |    58 |    65 |    10 ||   133
       Frozen Ramparts   |       |    13 |    16 ||    29
       Pain              |       |    20 |    20 ||    40
       Ozocubu's Armour  |       |     2 |     5 ||     7
       Inner Flame       |       |       |    16 ||    16
       Hailstorm         |       |       |     1 ||     1
Armor: Robe              |     8 |    21 |    12 ||    41
Dodge: Dodged            |    44 |    78 |    25 ||   147
